 Dungeon Crawl Stone Soup version 0.27-a0-676-gc1da3516c2 (webtiles) character file.

Game seed: 1774414910403781583

2438 DasRunzen the Conjurer (level 9, -16/73 HPs)
             Began as a Demigod Conjurer on Mar 16, 2021.
             Demolished by a boulder beetle (55 damage)
             ... on level 7 of the Dungeon on Mar 18, 2021.
             The game lasted 00:19:27 (7902 turns).

DasRunzen the Conjurer (Demigod Conjurer)           Turns: 7902, Time: 00:19:28

Health: -16/73     AC: 10    Str: 18    XL:     9   Next: 4%
Magic:  18/20      EV: 16    Int: 20    God:
Gold:   363        SH:  0    Dex: 16    Spells: 15/18 levels left

rFire    x . .     SeeInvis .   t - +4 dagger (vamp)
rCold    + . .     Faith    .   (no shield)
rNeg     . . .     Spirit   .   a - +0 robe
rPois    .         Reflect  .   k - +2 helmet of Day {Rampage rF- rC+ Dex+4}
rElec    .         Harm     .   p - +2 cloak
rCorr    .         Rampage  +   z - +0 pair of gloves
Will     +....                  (no boots)
Stlth    ++........             d - amulet of regeneration
HPRegen  1.22/turn              f - ring of wizardry
MPRegen  0.17/turn              (no ring)

@: no status effects
A: high mp 1, forlorn, repulsion field 1, strong-willed 1, weak 1, wild magic 1
a: no special abilities


You were on level 7 of the Dungeon.
You visited 1 branch of the dungeon, and saw 7 of its levels.
You also visited: Sewer.

You collected 363 gold pieces.

Inventory:

Hand Weapons
 g - a +2 dagger of speed
 t - a +4 vampiric dagger (weapon)
Armour
 a - a +0 robe (worn)
 k - the +2 helmet of Day (worn) {Rampage rF- rC+ Dex+4}
   (You took it off Robin on level 3 of the Dungeon)

   It affects your dexterity (+4).
   It makes you vulnerable to fire.
   It protects you from cold.
   It bestows one free step when moving towards enemies.
 p - a +2 cloak (worn)
 z - a +0 pair of gloves (worn)
Jewellery
 d - an amulet of regeneration (around neck)
 f - a ring of wizardry (right hand)
Wands
 u - a wand of random effects (17)
 v - a wand of iceblast (8)
 x - a wand of paralysis (4)
 A - a wand of acid (7)
Scrolls
 b - 4 scrolls of identify
 c - a scroll of amnesia
 h - 2 scrolls of blinking
 i - 2 scrolls of fear
 r - a scroll of fog
 y - a scroll of magic mapping
Potions
 e - 3 potions of brilliance
 j - 4 potions of curing
 l - a potion of lignification
 m - a potion of ambrosia
 n - 3 potions of heal wounds
 o - a potion of haste
 q - 4 potions of magic
 s - a potion of invisibility
 w - a potion of flight


   Skills:
 + Level 4.9 Fighting
 + Level 4.9 Armour
 + Level 5.3 Dodging
 - Level 1.7 Stealth
 + Level 5.0 Spellcasting
 + Level 6.2 Conjurations


You had 15 spell levels left.
You knew the following spells:

 Your Spells              Type           Power      Damage    Failure   Level
a - Magic Dart            Conj           100%       1d8       1%          1
b - Searing Ray           Conj           78%        3d6       1%          2

Your spell library contained the following spells:

 Spells                   Type           Power      Damage    Failure   Level
 Dazzling Flash           Conj/Hex       44%        N/A       6%          3
 Fulminant Prism          Conj/Hex       11%        3d9       17%         4
 Iskenderun's Mystic Bla  Conj/Tloc      22%        2d6       17%         4


Dungeon Overview and Level Annotations

Branches:
Dungeon (7/15)             Temple (0/1) D:5           Sewer (visited)

Shops:
D:6 =


Innate Abilities, Weirdness & Mutations

Your attributes grow dramatically as you level up.
You have an increased reservoir of magic. (+10% MP)
You shall have no god before yourself.
You are surrounded by a mild repulsion field. (EV +2)
You are strong-willed. (Will+)
You are weak. (Str -2)
Your spells are a little harder to cast, but a little more powerful.


Message History

Things that are here:
a +0 hand axe; 4 boomerangs; an orc corpse An orc comes into view.
It is wielding a +0 war axe and quivering poisoned darts.
The orc shouts!
You hear a shout!
The orc throws a poisoned dart.
The poisoned dart completely misses you.
The orc hits you but does no damage.
You hit the orc.
The orc is heavily wounded.
The orc hits you with a +0 war axe.
You hit the orc.
The orc is almost dead.
The orc closely misses you.
You hit the orc.
You feel better.
You kill the orc!
No target in view!
Things that are here:
a +0 war axe; 12 poisoned darts A worker ant, a boulder beetle and a centaur come into view.
The boulder beetle curls into a ball and begins rolling!
The centaur moves out of view.
A boulder beetle comes into view.
Found a manual of Fighting and 20 stones.
The boulder beetle hits you!!!
Ouch! That really hurt!
The boulder beetle stops rolling and uncurls.
You hear a shout!
The boulder beetle curls into a ball and begins rolling!
Things that are here:
a +0 war axe; 12 poisoned darts
Casting: Searing Ray (safe; 1% risk of failure)
Confirm with . or Enter, or press ? or * to list all spells.
Aiming: Searing Ray (safe; 1% risk of failure)
Press: ? - help, Shift-Dir - straight line, f - boulder beetle
Aim: a boulder beetle (0% to evade)
The searing ray hits the boulder beetle but does no damage. (Press . to maintain the ray.)
The boulder beetle hits you!!!
Ouch! That really hurt!
You die...

#...#.######.# ...
#.....## ..# #.##...##
#########
##.###.##.....
#.......###
##...........##
####.#.###...###.#.#.##
#..........#..##.#.#.#
#.##.#..##...)).)....#
# #.##@##.#..#.##.###
..##B#.......##.#
#####°..####..##.#
##.####.°#######..#.#
........##...####.#.#
.###...#○....:# .#.#
#.#..°..(...# .#.#
#.##..°B8...# #.# .
##.......#


You could see a boulder beetle.

Vanquished Creatures
  Pikel (D:5)
  A hornet (D:5)
  Edmund (D:6)
  2 ogres
  3 centaurs
  A phantom (D:5)
  A kobold brigand (D:5)
  4 lemures (D:5)
  2 bullfrogs (D:6)
  A scorpion (D:6)
  6 killer bees
  A hound (D:4)
  3 orc priests
  Crazy Yiuf (D:3)
  An iguana (D:5)
  5 orc wizards
  2 worker ants
  A hound zombie (D:5)
  A worker ant zombie (D:5)
  Robin (D:3)
  A howler monkey skeleton (D:5)
  3 river rats (Sewer)
  10 adders
  3 white imps (D:5)
  2 oozes
  An adder zombie (D:7)
  6 worms
  2 leopard geckos
  17 orcs
  6 bats (D:1)
  8 giant cockroaches
  12 goblins
  8 hobgoblins
  8 jackals
  A quokka (D:2)
  5 ball pythons
  A ball python zombie (D:5)
  9 frilled lizards
  A jackal zombie (D:5)
  8 kobolds
  A leopard gecko skeleton (D:4)
  11 rats
163 creatures vanquished.

Vanquished Creatures (others)
  2 dart slugs (D:2)
  A quokka (D:2)
  5 plants (D:5)
8 creatures vanquished.

Grand Total: 171 creatures vanquished

Notes
Turn   | Place    | Note
-------+----------+-------------------------------------------
     0 | D:1      | DasRunzen the Demigod Conjurer began the quest for the Orb.
     0 | D:1      | Reached XP level 1. HP: 14/14 MP: 5/5
   412 | D:1      | Reached XP level 2. HP: 22/22 MP: 1/7
   825 | D:1      | Learned a level 2 spell: Searing Ray
   993 | D:1      | Reached skill level 1 in Fighting
   993 | D:1      | Reached XP level 3. HP: 24/28 MP: 1/8
  1053 | D:2      | Reached skill level 1 in Armour
  1585 | D:2      | Reached skill level 4 in Conjurations
  1585 | D:2      | Reached XP level 4. HP: 35/35 MP: 7/10
  2129 | D:3      | Identified the +2 helmet of Day {Rampage rF- rC+ Dex+4}
  2129 | D:3      | Noticed Robin
  2222 | D:3      | Killed Robin
  2749 | D:3      | Found a runed translucent door.
  2750 | D:3      | Noticed Crazy Yiuf
  2756 | D:3      | Killed Crazy Yiuf
  2757 | D:3      | Reached XP level 5. HP: 21/41 MP: 6/11
  3262 | D:3      | Gained mutation: You are strong-willed. (Will+) [potion of
                  | mutation]
  3262 | D:3      | Gained mutation: You are weak. (Str -2) [potion of
                  | mutation]
  3262 | D:3      | Gained mutation: You are surrounded by a mild repulsion
                  | field. (EV +2) [potion of mutation]
  3262 | D:3      | Gained mutation: Your spells are a little harder to cast,
                  | but a little more powerful. [potion of mutation]
  3569 | D:4      | Reached XP level 6. HP: 48/48 MP: 13/13
  3707 | D:4      | You fall into a shaft and drop 2 floors!
  3708 | D:6      | Noticed Edmund
  3708 | D:6      | Noticed a hornet
  3715 | D:5      | Entered Level 5 of the Dungeon
  3747 | D:5      | Found a staircase to the Ecumenical Temple.
  3765 | D:5      | Found a glowing drain.
  3777 | Sewer    | Entered a sewer
  4889 | D:4      | Reached XP level 7. HP: 57/57 MP: 10/15
  5326 | D:5      | Noticed Pikel
  5345 | D:5      | Killed Pikel
  5346 | D:5      | Reached skill level 5 in Conjurations
  5487 | D:5      | Reached XP level 8. HP: 65/66 MP: 17/17
  5989 | D:5      | Upgraded the game from 0.27-a0-652-g2d5cf1dcd3 to
                  | 0.27-a0-676-gc1da3516c2
  6198 | D:6      | Killed Edmund
  6295 | D:5      | Killed a hornet
  6356 | D:6      | Reached skill level 5 in Dodging
  6357 | D:6      | Reached skill level 6 in Conjurations
  6746 | D:6      | Reached XP level 9. HP: 73/73 MP: 20/20
  6759 | D:6      | Found Ramibus's Jewellery Boutique.
  7845 | D:7      | Reached skill level 5 in Spellcasting
  7894 | D:7      | Noticed a boulder beetle
  7895 | D:7      | Noticed a boulder beetle
  7902 | D:7      | Demolished by a boulder beetle

Illustrated notes

Levels and vault maps discovered:
D:1:      tarquinn_simple_flora_water_b, layout_rooms, grunt_decor_fettered
D:2:      layout_loops_cross, fiery_altar_vehumet, grunt_decor_junction
D:3:      layout_basic, uniq_robin, uniq_crazy_yiuf_cottage
D:4:      layout_loops_corners, grunt_temple_overflow_forces_of_nature,
          gammafunk_temple_overflow_forgotten, nemelex_spade_bored_becter
D:5:      layout_loops_cross, nicolae_hepliaklqana_ecumenical_no_more,
          marbit_many_paths, minmay_temple_entry_hall,
          cheibrodos_sewer_entry_drain, uniq_pikel
D:6:      layout_layer_cave, cheibrodos_ashenzari_chains, serial_shops, shop,
          hangedman_abyss_or_decor_passed, uniq_edmund
D:7:      lemuel_ice_statue, layout_loops_cross, minmay_manual_moon

Skill      XL: |  1  2  3  4  5  6  7  8  9 |
---------------+----------------------------+-----
Dodging        | 2 3 4 5 |  5.3
Spellcasting   | 2 3 4 5 |  5.0
Fighting       | 1 2 3 4 |  4.9
Armour         | 1 2 3 4 |  4.9
Conjurations   | 4 5 6 |  6.2
Stealth        | |  1.7

Action                   |  1- 3 |  4- 6 |  7- 9 || total
-------------------------+-------+-------+-------++-------
Melee: Unarmed           |    12 |       |       ||    12
       Dagger            |       |    98 |   136 ||   234
 Cast: Magic Dart        |    71 |    54 |    14 ||   139
       Searing Ray       |     4 |    17 |    21 ||    42
  Use: Scroll            |     5 |    14 |    10 ||    29
       Potion            |       |     1 |       ||     1
 Stab: Sleeping          |       |     5 |     4 ||     9
       Distracted        |       |       |     2 ||     2
Armor: Robe              |     4 |    16 |    28 ||    48
Dodge: Dodged            |    15 |    87 |   147 ||   249

Table legend: (Time is in decaauts)
 A = Elapsed time spent in this place.
 B = Non-inter-level travel time spent in this place.
 C = Inter-level travel time spent in this place.
 D = Time resting spent in this place.
 E = Time spent auto-exploring this place.
 F = Levels seen in this place.
 G = Mean time per level.
                   A        B        C        D        E       F      G
               +--------+--------+--------+--------+--------+-----+--------+
         Total |   7937 |   7742 |    195 |    905 |   5719 |   8 |  992.1 |
       Dungeon |   7323 |   7128 |    195 |    711 |   5416 |   7 | 1046.1 |
         Sewer |    614 |    614 |      0 |    194 |    303 |   1 |  614.0 |
               +--------+--------+--------+--------+--------+-----+--------+

Top non-repeatable levels by time:
     D:6: 1347 daAuts
     D:5: 1278 daAuts
     D:4: 1200 daAuts
     D:2: 1183 daAuts
     D:3: 1126 daAuts
     D:1: 963 daAuts
   Sewer: 614 daAuts
     D:7: 223 daAuts
